Map: Persephone LE

Players

SHIN

  • Race: Zerg Zerg
  • Spawn Location: 11:00

FalconsSolar (Solar) - Winner!

  • Race: Zerg Zerg
  • Spawn Location: 7:00

Event: DreamHack Dallas 2025

VOD

Have the link to the VOD?

Description

Time

  • Played on: May 25, 2025, 2:53 p.m.
  • Length: 13:01

All games in this series

Show
View Real Time Build Order
Export as new Build Order

SHIN Zerg 

Build Orders: Hatch First, Roach Hydra 

Get SALT Encoding   

  12  0:00  Drone  
  13  0:12  Overlord  
  13  0:16  Drone  
  14  0:31  Drone x2  
  16  0:45  Hatchery  
  16  0:49  Drone  
  16  0:52  Drone  
  16  0:56  Drone  
  18  1:07  Extractor  
  18  1:11  Spawning Pool  
  16  1:14  Drone  
  16  1:18  Drone  
  18  1:28  Drone  
  19  1:39  Drone  
  20  1:50  Drone  
  21  1:57  Queen x2  
  21  1:58  Zergling x2  
  21  2:00  Overlord  
  26  2:08  Metabolic Boost  
  26  2:09  Drone  
  26  2:12  Drone  
  28  2:19  Drone  
  28  2:21  Drone  
  30  2:29  Zergling x2  
  31  2:33  Drone  
  32  2:38  Hatchery  
  32  2:40  Drone  
  32  2:43  Drone  
  33  2:50  Baneling Nest  
  32  2:51  Drone  
  32  2:53  Drone  
  34  3:01  Overlord  
  34  3:05  Overlord  
  34  3:06  Zergling x4  
  36  3:19  Queen  
  38  3:20  Drone x3  
  38  3:24  Drone x2  
  43  3:27  Zergling x2  
  43  3:31  Overlord  
  43  3:38  Drone x3  
  46  3:43  Baneling  
  46  3:44  Roach Warren  
  46  3:46  Drone x2  
  47  3:51  Drone x2  
  49  3:57  Drone x2  
  49  3:59  Evolution Chamber  
  49  4:00  Overlord  
  50  4:04  Drone x2  
  50  4:05  Extractor  
  50  4:07  Drone  
  52  4:12  Drone  
  52  4:14  Drone x2  
  52  4:15  Extractor  
  52  4:17  Overlord  
  54  4:20  Lair  
  54  4:21  Drone  
  55  4:24  Zerg Missile Weapons Level 1  
  55  4:26  Drone  
  55  4:30  Baneling  
  55  4:31  Drone x3  
  56  4:36  Drone x3  
  61  4:40  Zergling x4  
  61  4:42  Drone  
  61  4:45  Drone x3  
  67  4:47  Overlord  
  67  4:54  Drone x2  
  67  4:57  Drone x3  
  67  4:58  Drone  
  67  4:59  Drone  
  73  5:01  Drone x2  
  73  5:02  Drone  
  73  5:03  Drone  
  77  5:09  Roach  
  77  5:11  Extractor, Roach  
  77  5:12  Extractor  
  77  5:13  Roach x2  
  77  5:14  Roach  
  85  5:15  Roach  
  85  5:18  Glial Reconstitution  
  85  5:20  Roach  
  89  5:22  Overlord  
  89  5:24  Overlord  
  89  5:28  Overlord  
  89  5:29  Drone  
  89  5:32  Drone, Extractor  
  89  5:34  Hydralisk Den  
  89  5:35  Overseer  
  89  5:38  Overlord  
  89  5:39  Drone  
  89  5:42  Drone, Roach  
  93  5:45  Roach  
  93  5:46  Roach x3  
  101  5:52  Roach x4  
  101  5:55  Drone  
  101  5:56  Overlord  
  110  5:59  Overlord  
  110  6:00  Roach x3  
  116  6:06  Overlord  
  116  6:08  Overseer  
  116  6:09  Overlord  
  116  6:11  Overlord  
  116  6:17  Roach  
  118  6:23  Hatchery  
  117  6:29  Roach x7  
  117  6:31  Roach  
  117  6:32  Roach  
  134  6:33  Roach  
  134  6:35  Roach x2  
  134  6:36  Roach  
  134  6:38  Roach  
  145  6:40  Spine Crawler  
  145  6:43  Roach  
  147  6:47  Roach  
  147  6:48  Roach  
  147  6:53  Roach  
  129  6:55  Roach  
  129  6:56  Roach x2  
  129  6:59  Roach x2  
  126  7:04  Roach  
  126  7:06  Hydralisk x5  
  126  7:08  Grooved Spines  
  134  7:10  Hydralisk  
  134  7:13  Zerg Missile Weapons Level 2  
  136  7:16  Hydralisk  
  136  7:17  Hydralisk  
  136  7:20  Roach  
  136  7:22  Roach  
  145  7:23  Roach  
  145  7:28  Roach  
  149  7:30  Overlord  
  149  7:33  Overlord  
  149  7:39  Overlord  
  149  7:41  Overlord x3  
  149  7:42  Overlord  
  149  7:46  Overlord  
  149  7:48  Overlord  
  149  7:51  Roach x2  
  149  7:56  Queen  
  149  7:57  Roach  
  157  7:58  Muscular Augments  
  157  8:00  Roach x2  
  157  8:02  Roach  
  157  8:04  Roach  
  165  8:06  Roach  
  165  8:09  Roach  
  165  8:10  Roach  
  165  8:12  Roach  
  173  8:14  Roach  
  173  8:17  Roach x2  
  179  8:25  Roach  
  179  8:26  Roach x3  
  187  8:28  Roach  
  187  8:31  Roach  
  191  8:36  Roach  
  191  8:38  Hatchery  
  191  8:39  Roach  
  194  8:44  Roach x2  
  194  8:45  Ravager  
  194  8:46  Ravager  
  200  8:49  Overlord  
  200  9:16  Roach  
  200  9:18  Roach x3  
  200  9:19  Roach  
  200  9:22  Roach x3  
  200  9:23  Roach x3  
  170  9:25  Hydralisk x3  
  170  9:26  Roach  
  170  9:29  Roach  
  142  9:32  Hydralisk  
  142  9:34  Hydralisk  
  146  9:39  Roach  
  146  9:42  Hydralisk  
  146  9:44  Queen  
  146  9:45  Hydralisk  
  150  9:48  Hydralisk  
  150  9:49  Hydralisk  
  150  9:50  Hydralisk x2  
  160  9:55  Hydralisk  
  160  9:56  Hydralisk  
  166  10:00  Hydralisk  
  166  10:01  Hydralisk  
  166  10:02  Hydralisk x2  
  166  10:04  Roach  
  174  10:09  Roach x2  
  174  10:11  Roach  
  178  10:18  Hydralisk x6  
  178  10:21  Roach  
  186  10:23  Roach  
  186  10:25  Roach  
  188  10:29  Roach  
  188  10:30  Roach  
  188  10:34  Roach  
  182  10:40  Roach  
  182  10:41  Roach  
  163  10:44  Roach  
  163  10:47  Roach x2  
  163  10:49  Roach x4  
  153  10:51  Roach  
  153  10:55  Roach  
  153  10:57  Roach  
  153  11:01  Roach  
  153  11:05  Roach  
  153  11:08  Ravager  
  153  11:09  Roach  
  158  11:12  Roach  
  158  11:16  Roach x4  
  168  11:19  Roach  
  168  11:22  Roach  
  168  11:23  Hatchery  
  171  11:27  Roach x3  
  171  11:31  Roach x2  
  181  11:36  Roach  
  169  11:41  Roach x2  
  169  11:44  Roach x2  
  169  11:45  Roach x2  
  169  11:46  Roach  
  164  11:48  Roach  
  164  11:49  Roach  
  164  11:52  Roach x2  
  169  11:59  Roach  
  170  12:02  Roach  
  162  12:10  Roach  
  162  12:14  Roach x4  
  142  12:23  Roach  
  142  12:24  Roach  
  136  12:34  Roach  
  136  12:35  Roach  
Show
View Real Time Build Order
Export as new Build Order

FalconsSolar Zerg - Winner!

Build Orders: Hatch First 

Get SALT Encoding   

  12  0:00  Drone  
  13  0:07  Drone  
  13  0:14  Drone, Extractor  
  15  0:21  Overlord  
  15  0:40  Drone  
  16  0:44  Hatchery  
  16  0:48  Drone  
  16  0:51  Drone  
  16  0:55  Drone  
  18  1:05  Extractor  
  18  1:10  Spawning Pool  
  16  1:13  Drone  
  16  1:17  Drone  
  18  1:26  Drone  
  19  1:39  Drone  
  20  1:56  Drone  
  20  1:57  Queen  
  20  1:58  Queen  
  20  1:59  Zergling x2  
  20  2:00  Overlord  
  26  2:08  Drone  
  27  2:09  Drone  
  27  2:11  Metabolic Boost  
  28  2:19  Zergling x2  
  28  2:20  Drone  
  30  2:31  Hatchery  
  30  2:33  Drone  
  30  2:36  Drone  
  31  2:42  Baneling Nest  
  31  2:43  Drone  
  31  2:50  Overlord  
  31  2:53  Overlord  
  31  2:55  Drone  
  32  3:01  Zergling x2  
  32  3:03  Drone  
  34  3:07  Drone  
  34  3:08  Drone  
  34  3:09  Drone x2  
  34  3:10  Zergling x2  
  39  3:18  Queen  
  41  3:21  Drone  
  41  3:23  Zergling x2  
  41  3:25  Drone  
  45  3:27  Drone  
  44  3:42  Drone x4, Roach Warren  
  44  3:44  Drone  
  44  3:45  Overlord  
  44  3:48  Zergling x2  
  49  3:50  Drone, Extractor  
  49  3:53  Drone x2  
  51  3:57  Drone  
  51  4:02  Drone x2, Evolution Chamber  
  54  4:07  Lair  
  54  4:09  Drone  
  54  4:10  Drone  
  54  4:11  Drone  
  54  4:13  Drone  
  57  4:17  Overlord, Extractor  
  57  4:19  Drone  
  57  4:21  Drone x2  
  59  4:25  Drone  
  59  4:29  Zerg Missile Weapons Level 1  
  59  4:30  Drone x2  
  62  4:32  Roach  
  62  4:34  Overlord  
  62  4:37  Roach  
  68  4:38  Roach  
  68  4:39  Extractor  
  68  4:43  Roach  
  69  4:46  Roach x2  
  69  4:49  Drone, Overlord  
  69  4:51  Drone, Extractor  
  74  4:53  Roach  
  74  4:56  Roach  
  74  4:59  Drone  
  79  5:01  Overlord  
  79  5:04  Drone  
  79  5:05  Drone  
  79  5:06  Glial Reconstitution  
  81  5:09  Overlord  
  81  5:11  Overlord  
  81  5:13  Overseer  
  81  5:16  Roach x2  
  81  5:19  Overlord  
  81  5:20  Extractor  
  83  5:22  Roach x2  
  83  5:24  Roach  
  90  5:29  Roach x2  
  90  5:32  Overlord  
  94  5:38  Roach x4  
  94  5:42  Roach  
  104  5:43  Roach  
  104  5:47  Roach  
  104  5:49  Roach x2  
  112  5:51  Roach  
  112  5:54  Roach x2  
  118  5:58  Roach  
  124  6:04  Roach x4  
  124  6:06  Roach  
  130  6:11  Overlord  
  130  6:15  Overlord  
  130  6:18  Overlord  
  130  6:27  Zerg Missile Weapons Level 2  
  130  6:29  Overlord  
  130  6:31  Roach x4  
  136  6:35  Roach x3  
  136  6:38  Roach  
  136  6:39  Roach  
  144  6:41  Roach  
  144  6:45  Roach x2  
  152  6:47  Roach  
  152  6:49  Roach  
  152  6:51  Roach  
  152  6:53  Roach  
  146  6:55  Roach  
  146  6:57  Roach  
  146  6:59  Roach  
  146  7:01  Roach  
  134  7:03  Roach  
  134  7:07  Drone x4  
  128  7:09  Drone  
  128  7:10  Drone  
  128  7:13  Drone x2  
  128  7:15  Drone x2  
  133  7:20  Ravager x4  
  138  7:26  Roach x4  
  146  7:34  Overlord  
  146  7:35  Roach x2  
  150  7:40  Overlord, Hatchery  
  150  7:44  Overlord  
  149  7:46  Overlord  
  149  7:48  Centrifugal Hooks  
  149  7:52  Overlord  
  149  7:54  Roach  
  149  7:55  Roach  
  149  7:58  Overlord  
  153  8:01  Zergling x2  
  153  8:03  Zergling x10  
  153  8:04  Zergling x2  
  160  8:06  Zergling x2  
  160  8:09  Zergling x6  
  160  8:12  Zergling x6  
  167  8:15  Ravager x2  
  167  8:17  Roach x2  
  167  8:18  Overseer  
  173  8:23  Roach x2  
  173  8:24  Roach  
  179  8:35  Roach x3  
  179  8:36  Overlord  
  179  8:40  Baneling x14  
  179  8:41  Baneling  
  185  8:44  Baneling x7  
  185  8:45  Baneling  
  185  8:47  Baneling x4  
  183  8:49  Baneling  
  183  8:50  Roach  
  183  8:52  Roach  
  183  8:55  Roach x2  
  191  8:58  Roach x2  
  197  9:03  Roach x2  
  199  9:11  Overlord  
  199  9:14  Overlord  
  199  9:23  Roach x2  
  164  9:26  Roach x2  
  164  9:29  Roach x2  
  164  9:30  Roach x8  
  164  9:31  Roach  
  181  9:32  Roach  
  183  9:39  Roach x4  
  191  9:50  Roach x3  
  197  9:55  Roach  
  197  9:59  Extractor  
  198  10:00  Roach  
  200  10:15  Overlord  
  198  10:21  Roach  
  198  10:22  Roach  
  198  10:23  Roach x4  
  198  10:27  Roach x2  
  198  10:29  Roach  
  198  10:31  Roach x2  
  200  10:38  Roach  
  200  10:42  Roach x7  
  200  10:46  Roach x2  
  172  10:50  Roach x2  
  172  10:51  Roach x3  
  172  10:54  Roach x6  
  184  10:57  Queen  
  184  10:59  Extractor, Roach x2  
  184  11:02  Ravager x3  
  185  11:05  Roach x3  
  185  11:07  Roach  
  185  11:08  Roach  
  185  11:09  Roach  
  195  11:13  Roach x2  
  195  11:18  Ravager  
  198  11:26  Roach  
  200  11:37  Roach x7  
  190  11:41  Roach x3  
  190  11:43  Roach x2  
  190  11:45  Roach x2  
  182  11:47  Roach  
  182  11:49  Roach  
  182  11:50  Roach x2  
  182  11:53  Roach  
  179  11:59  Roach x3  
  187  12:01  Roach  
  187  12:03  Roach  
  187  12:06  Roach  
  179  12:10  Roach x2  
  179  12:12  Roach  
  167  12:15  Roach  
  167  12:20  Roach x2  
  142  12:25  Roach x2  
  142  12:27  Roach  
  142  12:30  Roach  
  142  12:32  Roach  
  142  12:35  Roach  
  146  12:40  Roach  
Tags
 
Add a new tag
Caveats
  • Supply blocks, unpowered buildings, or Contaminate may cause inaccurate times.
  • Supply counts are checked every 10 seconds.